 Dungeon Crawl Stone Soup version 0.24.0-123-gd5b16e6ec5 (webtiles) character file.

Game seed: 1534577432514520683, levelgen mode: deterministic

346548 DungeonDestroyer the Fencer (level 21, -2/167 HPs)
             Began as a Gnoll Fighter on Feb 3, 2020.
             Was an Initiate of Gozag.
             Killed from afar by a deep elf mage (21 damage)
             ... with a bolt of lightning
             ... on level 3 of the Elven Halls on Feb 4, 2020.
             The game lasted 02:46:17 (57543 turns).

DungeonDestroyer the Fencer (Gnoll Fighter)        Turns: 57543, Time: 02:46:18

Health: -2/167     AC: 28    Str: 26    XL:     21   Next: 72%
Magic:  47/47      EV: 18    Int: 17    God:    Gozag
Gold:   4146       SH: 23    Dex: 23    Spells: 9/47 levels left

rFire    + . .     SeeInvis +   G - +2 broad axe "Seogoap" {freeze, MR+ Int+5}
rCold    + + +     Gourm    .   E - +4 shield
rNeg     + . .     Faith    .   Y - +1 plate armour {rF+}
rPois    +         Spirit   .   r - +2 hat {MR+}
rElec    .         Reflect  +   m - +0 cloak of Chimes {rC+ rN+ SInv}
rCorr    .         Harm     .   p - +2 pair of gloves {Dex+3}
MR       ++++.                  M - +2 pair of boots {Fly}
Stlth    ++........             K - amulet of Thoughtfulness {Reflect rC+ Str+4 SH+4}
HPRegen  0.37/turn              o - ring "Plog" {rC+ MR+ MP+9}
MPRegen  0.30/turn              J - +3 ring of slaying

@: singing, gold aura, flying, studying Long Blades
A: distributed training, claws 1, fangs 1, thin skeletal structure 1, poison
resistance, weak 1, wild magic 1, evolution 1, MP-powered wands, strong nose
}: 3/15 runes: decaying, abyssal, gossamer
a: Potion Petition, Call Merchant, Bribe Branch, Renounce Religion, Stop Flying


You were on level 3 of the Elven Halls.
You worshipped Gozag.
Gozag was most pleased with you.
You were not hungry.

You visited 7 branches of the dungeon, and saw 35 of its levels.
You visited the Abyss 1 time.
You also visited: Sewer, Ossuary and Ice Cave.

You collected 16014 gold pieces.
You spent 6497 gold pieces at shops.
You paid 5371 gold pieces to Gozag.

Inventory:

Hand Weapons
 G - the +2 broad axe "Seogoap" (weapon) {freeze, MR+ Int+5}
   (You bought it in a shop on level 11 of the Dungeon)

   It has been specially enchanted to freeze those struck by it, causing extra
   injury to most foes and up to half again as much damage against particularly
   susceptible opponents.
   It can also slow down cold-blooded creatures.
   It affects your intelligence (+5).
   It affects your resistance to hostile enchantments.
 L - a +4 scimitar of flaming
Missiles
 c - 257 arrows
 e - 25 stones (quivered)
 j - 17 sling bullets
Armour
 i - a scarf of cloud immunity
 m - the +0 cloak of Chimes (worn) {rC+ rN+ SInv}
   (You found it on level 1 of the Swamp)

   It protects you from cold.
   It protects you from negative energy.
   It lets you see invisible.
 p - a +2 pair of gloves of dexterity (worn)
 r - a +2 hat of magic resistance (worn)
 x - a scarf of spirit shield
 E - a +4 shield (worn)
 M - a +2 pair of boots of flying (worn)
 Y - a +1 plate armour of fire resistance (worn)
Jewellery
 o - the ring "Plog" (left hand) {rC+ MR+ MP+9}
   (You found it on level 4 of the Dungeon)

   [ring of magical power]

   It protects you from cold.
   It affects your resistance to hostile enchantments.
   It affects your magic capacity (+9).
 w - an uncursed amulet of regeneration
 A - an uncursed ring of protection from fire
 C - an uncursed ring of resist corrosion
 J - a +3 ring of slaying (right hand)
 K - the amulet of Thoughtfulness (around neck) {Reflect rC+ Str+4 SH+4}
   (You bought it in a shop on level 11 of the Dungeon)

   [amulet of reflection]

   It shields you and reflects attacks.
   It affects your strength (+4).
   It protects you from cold.
   It affects your SH (+4).
Wands
 d - a wand of disintegration (3)
 h - a wand of iceblast (27)
 n - a wand of enslavement (12)
 u - a wand of polymorph (31)
 z - a wand of random effects (100)
 B - a wand of clouds (4)
 F - a wand of digging (17)
 H - a wand of paralysis (7)
 O - a wand of scattershot (5)
 R - a wand of acid (17)
Scrolls
 k - 9 scrolls of amnesia
 l - 2 scrolls of holy word
 q - 16 scrolls of teleportation
 s - 6 scrolls of identify
 t - 6 scrolls of blinking
 v - 11 scrolls of remove curse
 y - 2 scrolls of magic mapping
 I - 4 scrolls of fear
 V - 4 scrolls of fog
Potions
 b - 16 potions of curing
 g - 9 potions of mutation
 N - 4 potions of agility
 Q - 4 potions of berserk rage
 S - 6 potions of ambrosia
 U - a potion of might
 W - 2 potions of magic
 X - 2 potions of haste
Books
 a - a manual of Long Blades
Miscellaneous
 T - a phial of floods
 Z - a lamp of fire
Comestibles
 f - 4 rations


   Skills:
 + Level 14.8 Fighting
 + Level 13.6 Short Blades
 + Level 15.9 Long Blades
 + Level 14.2 Axes
 + Level 13.6 Maces & Flails
 + Level 13.6 Polearms
 + Level 13.6 Staves
 + Level 13.6 Slings
 + Level 13.6 Bows
 + Level 13.6 Crossbows
 + Level 13.6 Throwing
 + Level 14.8 Armour
 + Level 13.6 Dodging
 + Level 13.6 Stealth
 + Level 14.8 Shields
 + Level 13.6 Unarmed Combat
 + Level 13.6 Spellcasting
 + Level 11.7 Conjurations
 + Level 11.7 Hexes
 + Level 11.7 Charms
 + Level 11.7 Summonings
 + Level 11.7 Necromancy
 + Level 11.7 Translocations
 + Level 11.7 Transmutations
 + Level 11.7 Fire Magic
 + Level 11.7 Ice Magic
 + Level 11.7 Air Magic
 + Level 11.7 Earth Magic
 + Level 11.7 Poison Magic
 + Level 14.7 Invocations
 + Level 13.6 Evocations


You had 9 spell levels left.
You knew the following spells:

 Your Spells              Type           Power        Failure   Level  Hunger
a - Song of Slaying       Chrm           ######..     1%          2    None
b - Shroud of Golubria    Chrm/Tloc      ######       1%          2    None
c - Regeneration          Chrm/Necr      ######....   2%          3    None
d - Spectral Weapon       Hex/Chrm       ######..     2%          3    None
e - Confuse               Hex            ######..     2%          3    None
f - Passwall              Tmut/Erth      ######..     1%          2    None
g - Shatter               Erth           ######....   100%        9    #######
h - Lee's Rapid Deconstr  Erth           ######....   13%         5    ####...
i - Apportation           Tloc           ######       1%          1    None
j - Ensorcelled Hibernat  Hex/Ice        ######       1%          2    None
k - Deflect Missiles      Chrm/Air       ######....   54%         6    ######.

Your spell library contained the following spells:

 Spells                   Type           Power        Failure   Level  Hunger
 Animate Skeleton         Necr           N/A          1%          1    None
 Confusing Touch          Hex            ######       1%          1    None
 Infusion                 Chrm           ####         1%          1    None
 Magic Dart               Conj           ####         1%          1    None
 Sandblast                Erth           ######       1%          1    None
 Shock                    Conj/Air       ####         1%          1    None
 Summon Small Mammal      Summ           ####         1%          1    None
 Call Imp                 Summ           ######..     1%          2    None
 Poisonous Vapours        Pois/Air       ######       1%          2    None
 Searing Ray              Conj           ######       1%          2    None
 Swiftness                Chrm/Air       ######..     1%          2    None
 Call Canine Familiar     Summ           ######..     2%          3    None
 Conjure Flame            Conj/Fire      ######..     2%          3    None
 Dazzling Spray           Conj/Hex       ######       2%          3    None
 Gell's Gravitas          Tloc           ######....   2%          3    None
 Recall                   Summ/Tloc      N/A          2%          3    None
 Static Discharge         Conj/Air       ######..     2%          3    None
 Stone Arrow              Conj/Erth      ######       2%          3    None
 Summon Guardian Golem    Hex/Summ       ######..     2%          3    None
 Airstrike                Air            ######....   5%          4    #......
 Force Lance              Conj/Tloc      ######..     5%          4    #......
 Fulminant Prism          Conj/Hex       ######....   5%          4    #......
 Iskenderun's Mystic Bla  Conj           ######..     5%          4    #......
 Leda's Liquefaction      Hex/Erth       ######....   5%          4    #......
 Olgreb's Toxic Radiance  Pois           ######..     5%          4    #......
 Petrify                  Tmut/Erth      ######..     5%          4    #......
 Summon Ice Beast         Ice/Summ       ######..     5%          4    #......
 Summon Lightning Spire   Summ/Air       ######..     5%          4    #......
 Alistair's Intoxication  Tmut/Pois      ######..     13%         5    ####...
 Aura of Abjuration       Summ           ######....   13%         5    ####...
 Bolt of Magma            Conj/Fire/Erth ######....   13%         5    ####...
 Borgnjor's Vile Clutch   Necr/Erth      ######....   13%         5    ####...
 Fireball                 Conj/Fire      ######....   13%         5    ####...
 Irradiate                Conj/Tmut      ######....   13%         5    ####...
 Iskenderun's Battlesphe  Conj/Chrm      ######..     13%         5    ####...
 Lightning Bolt           Conj/Air       ######....   13%         5    ####...
 Metabolic Englaciation   Hex/Ice        ######....   13%         5    ####...
 Silence                  Hex/Air        ######....   13%         5    ####...
 Summon Demon             Summ           ######....   13%         5    ####...
 Summon Forest            Summ/Tloc      ######....   13%         5    ####...
 Summon Mana Viper        Hex/Summ       ######..     13%         5    ####...
 Venom Bolt               Conj/Pois      ######....   13%         5    ####...
 Yara's Violent Unravell  Hex/Tmut       ######....   13%         5    ####...
 Darkness                 Hex            ######....   54%         6    ######.
 Freezing Cloud           Conj/Ice/Air   ######....   54%         6    ######.
 Hydra Form               Tmut           ######....   54%         6    ######.
 Iron Shot                Conj/Erth      ######....   54%         6    ######.
 Shadow Creatures         Summ           N/A          54%         6    ######.
 Statue Form              Tmut/Erth      ######...    54%         6    ######.
 Dragon Form              Tmut           ######....   97%         7    #######
 Orb of Destruction       Conj           ######....   97%         7    #######
 Spellforged Servitor     Conj/Summ      ######....   97%         7    #######
 Summon Hydra             Summ           ######....   97%         7    #######
 Ignition                 Fire           ######....   100%        8    #######
 Tornado                  Air            ######....   100%        9    #######


Dungeon Overview and Level Annotations

Branches:
Dungeon (15/15)            Temple (1/1) D:4            Lair (6/6) D:10
  Swamp (4/4) Lair:4       Spider (4/4) Lair:2        Slime (0/5) Lair:6
    Orc (2/2) D:11            Elf (3/3) Orc:2        Vaults (0/5) D:13
 Depths (0/5) D:15          Sewer (visited)         Ossuary (visited)
  IceCv (visited)

Altars:
Ashenzari
Cheibriados
Dithmenos
Elyvilon
Fedhas
Gozag
Hepliaklqana
Kikubaaqudgha
Makhleb
Nemelex Xobeh
Okawaru
Qazlal
Ru
Sif Muna
Trog
Uskayaw
Vehumet
Wu Jian
Xom
Yredelemnul
Zin
The Shining One
Beogh
Jiyva

Shops:
D:4 (!   D:6 }   D:11 ==*:   Temple !*   Orc:2 :((}   Elf:3 *

Annotations:
Elf:3 3 runed translucent doors, exclusion: obsidian statue, soupsoups's ghost, veteran MiBe


Innate Abilities, Weirdness & Mutations

Your experience applies equally to all skills.
You have very sharp teeth.
Your uncanny sense of smell can sniff out nearby items.
You have sharp fingernails.
You have a somewhat thin skeletal structure. (Dex +2, Stealth)
Your system is resistant to poisons. (rPois)
You are weak. (Str -2)
Your spells are a little harder to cast, but a little more powerful.
You evolve.
You expend magic power (3 MP) to strengthen your wands.


Message History

You reflect the arrow off an invisible shield around you!
The arrow hits the deep elf archer!
The deep elf archer dies!
You slice the deep elf high priest!! You freeze the deep elf high priest.
The deep elf high priest is almost dead.
You slice the fire elemental!! You freeze the fire elemental.
You destroy the fire elemental!
The deep elf mage points at you and mumbles some strange words.
The bolt of lightning hits you!! The bolt of lightning hits you!!!
The deep elf high priest mumbles some strange prayers to its god against you.
Something smites you!
* * * LOW HITPOINT WARNING * * *
You hit the deep elf high priest. You freeze the deep elf high priest.
The deep elf high priest is almost dead.
The deep elf mage casts a spell at you. The bolt of lightning hits you!!
* * * LOW HITPOINT WARNING * * *
The bolt of lightning hits you!!
You die...
Your body crumbles into a pile of gold. $$$ $$$ $ $∆ ... ∆$$ $ $$∆$ e°e

$∆ ∆∆ ∆$$∆∆ ##E##
$$∆$$
$∆$$#[ee#$$∆$
$∆#(○e#$∆ #
#e°☼####
###.##$##.(######
#.(...°e$@.......
#^...$.$e$.......
##...(.$$.e......
##....).........
##...$..#......
##..$$.##+####
#'..(.##.# #.#
#.[)..##.#######.#
#.[.$(...........#


You could see a deep elf archer, a deep elf high priest and a deep elf mage.

Vanquished Creatures
  the Lernaean hydra (Swamp:4)
  A Hell Sentinel (Abyss:3)
  3 deep elf blademasters (Elf:2)
  An Executioner (Abyss:3)
  A deep elf master archer (Elf:3)
  A tentacled starspawn (Abyss:3)
  A thorn hunter (Swamp:3)
  A fire giant (shapeshifter) (D:15)
  The ghost of Iloabug the Grappler, a journeyman TrMo of Makhleb (D:15)
  A frost giant (D:14)
  4 ghost moths (Spider:4)
  5 deep elf sorcerers (Elf:3)
  A draconian scorcher (Abyss:3)
  An orc warlord (Orc:2)
  The ghost of Ibo Aseng the Blocker, a journeyman DsFi of Makhleb (Elf:1)
  9 emperor scorpions
  2 deep elf elementalists (Elf:3)
  The ghost of Zianezev the Peltast, a journeyman FoFi of Gozag (D:14)
  A very ugly thing (Abyss:3)
  2 entropy weavers
  Azrael (D:13)
  11 deep elf demonologists
  2 dire elephants
  A deep elf annihilator (Elf:3)
  3 spark wasps
  3 blizzard demons
  3 deep elf death magi (Elf:3)
  5 deep elf high priests
  2 rakshasas
  27 hydras
  2 catoblepae (Lair:6)
  2 shambling mangroves (Swamp:2)
  4 two-headed ogres
  15 alligators
  7 death yaks
  A queen ant (Spider:2)
  The ghost of DungeonDestroyer the Blocker, a novice GnFi of the Shining One (D:8)
  An orc high priest (Orc:2)
  5 thrashing horrors (Abyss:3)
  17 deep elf knights
  Urug (Lair:1)
  Nergalle (Orc:1)
  2 large abominations
  A storm dragon skeleton (Abyss:3)
  A glowing orange brain (D:15)
  2 unseen horrors
  A wizard (D:15)
  16 deep elf archers
  10 skeletal warriors
  8 lindwurms
  11 swamp dragons
  53 deep elf magi
  4 orc knights
  16 orb spiders
  An orc sorcerer (Orc:1)
  2 cyclopes
  4 draconians (Abyss:3)
  27 ugly things
  20 wolf spiders
  A salamander (Lair:2)
  9 manticores
  An ice statue (IceCv)
  20 elephants
  A moth of wrath (Spider:2)
  4 black mambas
  3 orange demons (Elf:1)
  2 torpor snails
  A gargoyle (D:14)
  An apocalypse crab (Abyss:3)
  4 kobold demonologists
  24 spiny frogs
  2 rime drakes (Lair:6)
  A torpor snail (shapeshifter) (D:15)
  A hellion (Abyss:3)
  2 freezing wraiths (IceCv)
  7 komodo dragons
  7 demonic crawlers
  2 golden dragon simulacra (IceCv)
  A yaktaur (shapeshifter) (D:15)
  6 ice devils (IceCv)
  2 anaconda simulacra (IceCv)
  24 jumping spiders
  A queen bee (Spider:4)
  10 trolls
  A polar bear (shapeshifter) (D:14)
  A polar bear (Lair:3)
  16 hornets
  11 tyrant leeches
  7 dream sheep (Lair:6)
  Grinder (D:3)
  50 slime creatures
  29 blink frogs
  10 bog bodies
  2 raiju (Abyss:3)
  A dream sheep (shapeshifter) (D:15)
  Sigmund (D:5)
  A meliai zombie (D:12)
  12 hippogriffs
  3 air elementals
  7 spriggans
  A ynoxinul (Abyss:3)
  3 wyverns
  A vampire (D:12)
  A wraith (D:15)
  5 shadows
  3 dire elephant simulacra (IceCv)
  55 redbacks
  31 tarantellas
  4 fire elementals
  44 yaks
  2 small abominations (Abyss:3)
  A hungry ghost (D:13)
  17 vampire mosquitoes
  3 basilisks
  6 neqoxecs
  8 water elementals
  A steam dragon (D:9)
  Menkaure (D:5)
  2 spatial vortices (Abyss:3)
  6 harpy simulacra (IceCv)
  23 insubstantial wisps
  3 wargs
  An acid dragon (D:14)
  14 swamp worms
  12 soldier ants
  4 hydra simulacra (IceCv)
  4 hell hounds (D:12)
  2 porcupines
  17 water moccasins
  19 swamp drakes
  An ice beast (D:3)
  2 ettin simulacra (IceCv)
  A hornet zombie (D:14)
  37 orc warriors
  2 phantoms
  4 sky beasts
  3 black bears
  An eye of draining (D:10)
  8 necrophages
  The ghost of rumpelstilzz the Skirmisher, an amateur CeFi (D:3)
  14 ogres
  4 boggarts
  14 wolves
  19 centaurs
  11 crocodiles
  3 big kobolds
  17 bullfrogs
  An earth elemental (Elf:1)
  9 scorpions
  A swamp dragon simulacrum (IceCv)
  21 killer bees
  7 wights
  4 electric eels
  A howler monkey (D:9)
  4 crimson imps
  6 centaur zombies
  4 draconian simulacra (IceCv)
  4 quasits
  A bullfrog zombie (D:6)
  A water moccasin simulacrum (D:3)
  6 hounds
  11 jellies
  16 orc wizards
  23 orc priests
  A bullfrog skeleton (D:13)
  A human zombie (Ossuary)
  7 centaur skeletons
  Terence (D:3)
  Natasha (thrice) (D:3)
  5 iguanas
  2 troll simulacra (IceCv)
  2 polar bear simulacra (IceCv)
  A statue (D:4)
  20 worker ants
  2 spriggan simulacra (IceCv)
  A wolf simulacrum (IceCv)
  A big kobold zombie (Ossuary)
  2 centaur simulacra (IceCv)
  A hound zombie (D:5)
  A hound skeleton (D:10)
  3 mummies (Ossuary)
  3 worker ant zombies
  3 gnolls (D:9)
  2 naga simulacra (IceCv)
  11 adders
  2 ogre simulacra (IceCv)
  2 shadow imps
  7 white imps (IceCv)
  A worker ant simulacrum (D:3)
  5 ufetubi (IceCv)
  7 oozes
  9 worms
  2 dart slugs
  An adder simulacrum (D:3)
  7 leopard geckos
  102 orcs
  9 bats
  11 giant cockroaches
  10 goblins
  8 hobgoblins
  10 jackals
  14 kobolds
  2 quokkas
  A ball python (D:1)
  7 frilled lizards
  A goblin zombie (Ossuary)
  A hobgoblin zombie (Ossuary)
  A kobold zombie (Ossuary)
  A leopard gecko simulacrum (D:3)
  2 orc zombies (Ossuary)
  A quokka simulacrum (D:3)
  8 rats
  2 briar patches (Swamp:3)
  2 fungi
  A lurking horror (Abyss:3)
  3 plants
  A starspawn tentacle (Abyss:3)
1493 creatures vanquished.

Vanquished Creatures (others)
  A deep elf master archer (Elf:3)
  A deep elf elementalist (Elf:3)
  A hydra (D:10)
  26 dancing weapons
  5 deep elf archers
  A jumping spider (Spider:3)
  A bog body (Swamp:2)
  A blink frog (Abyss:3)
  2 redbacks
  A vampire mosquito (Swamp:3)
  A water moccasin (Lair:6)
  A swamp drake (Swamp:2)
  6 orc warriors (Orc:2)
  5 centaurs (Orc:2)
  A scorpion (Elf:1)
  An orc wizard (D:13)
  4 orcs (Orc:2)
  6 fungi
  A spectral weapon (Elf:3)
  A starspawn tentacle (Abyss:3)
67 creatures vanquished.

Grand Total: 1560 creatures vanquished

Notes
Turn   | Place    | Note
-------+----------+-------------------------------------------
     0 | D:1      | DungeonDestroyer the Gnoll Fighter began the quest for the
                  | Orb.
     0 | D:1      | Reached XP level 1. HP: 23/23 MP: 1/1
    86 | D:1      | Reached XP level 2. HP: 25/29 MP: 2/2
   763 | D:2      | Reached XP level 3. HP: 35/35 MP: 3/3
   802 | D:2      | Found a burning altar of Makhleb.
   802 | D:2      | Noticed a balrug
   806 | D:2      | Noticed a smoke demon
   806 | D:2      | Noticed a smoke demon
   838 | D:2      | Reached skill level 1 in Invocations
   983 | D:2      | Noticed a centaur
   990 | D:2      | Killed a centaur
   990 | D:2      | Reached skill level 1 in Short Blades
   990 | D:2      | Reached skill level 1 in Long Blades
   990 | D:2      | Reached skill level 1 in Maces & Flails
   990 | D:2      | Reached skill level 1 in Polearms
   990 | D:2      | Reached skill level 1 in Staves
   990 | D:2      | Reached skill level 1 in Slings
   990 | D:2      | Reached skill level 1 in Bows
   990 | D:2      | Reached skill level 1 in Crossbows
   990 | D:2      | Reached skill level 1 in Throwing
   990 | D:2      | Reached skill level 1 in Dodging
   990 | D:2      | Reached skill level 1 in Stealth
   990 | D:2      | Reached skill level 1 in Unarmed Combat
   990 | D:2      | Reached skill level 1 in Spellcasting
   990 | D:2      | Reached skill level 1 in Conjurations
   990 | D:2      | Reached skill level 1 in Hexes
   990 | D:2      | Reached skill level 1 in Charms
   990 | D:2      | Reached skill level 1 in Summonings
   990 | D:2      | Reached skill level 1 in Necromancy
   990 | D:2      | Reached skill level 1 in Translocations
   990 | D:2      | Reached skill level 1 in Transmutations
   990 | D:2      | Reached skill level 1 in Fire Magic
   990 | D:2      | Reached skill level 1 in Ice Magic
   990 | D:2      | Reached skill level 1 in Air Magic
   990 | D:2      | Reached skill level 1 in Earth Magic
   990 | D:2      | Reached skill level 1 in Poison Magic
   990 | D:2      | Reached skill level 1 in Evocations
   990 | D:2      | Reached XP level 4. HP: 31/41 MP: 5/5
   990 | D:2      | Reached XP level 5. HP: 35/47 MP: 6/6
  1210 | D:2      | Found an opulent altar of Gozag.
  1225 | D:2      | Became a worshipper of Gozag Ym Sagoz the Greedy
  1283 | D:2      | Found a faded altar of an unknown god.
  1583 | D:3      | Noticed an ice beast
  1589 | D:3      | Killed an ice beast
  1589 | D:3      | Reached XP level 6. HP: 53/53 MP: 8/8
  1604 | D:3      | Found a glowing golden altar of the Shining One.
  1690 | D:3      | Noticed Natasha
  1698 | D:3      | Noticed Terence
  1718 | D:3      | Killed Terence
  1727 | D:3      | Killed Natasha
  1727 | D:3      | Reached skill level 5 in Axes
  1807 | D:3      | Noticed Natasha
  1808 | D:3      | Reached skill level 2 in Long Blades
  1814 | D:3      | Killed Natasha
  1903 | D:3      | Found a runed translucent gate.
  1903 | D:3      | Found a runed translucent gate.
  1903 | D:3      | Found a runed translucent gate.
  1964 | D:3      | Noticed Grinder
  1985 | D:3      | Killed Grinder
  1985 | D:3      | Reached XP level 7. HP: 29/60 MP: 10/10
  2112 | D:3      | Noticed rumpelstilzz's ghost (amateur CeFi)
  2372 | D:3      | Noticed Natasha
  2380 | D:3      | Killed Natasha
  2662 | D:4      | Found a staircase to the Ecumenical Temple.
  3039 | D:4      | Got a faintly glowing lapis lazuli ring
  3148 | D:4      | Reached XP level 8. HP: 58/67 MP: 12/12
  3463 | D:4      | Found a radiant altar of Vehumet.
  3596 | D:4      | Reached skill level 3 in Long Blades
  3662 | D:4      | Identified the ring "Plog" {rC+ MR+ MP+9} (You found it on
                  | level 4 of the Dungeon)
  3772 | D:5      | Entered Level 5 of the Dungeon
  3937 | D:5      | Found a glowing drain.
  3941 | Sewer    | Entered a sewer
  4048 | Sewer    | Identified a scroll of acquirement
  4620 | D:5      | Noticed Menkaure
  4625 | D:5      | Killed Menkaure
  4892 | D:5      | Noticed Sigmund
  4900 | D:5      | Killed Sigmund
  4900 | D:5      | Reached XP level 9. HP: 68/73 MP: 14/14
  5015 | D:5      | Found a snail-covered altar of Cheibriados.
  5322 | D:6      | Reached skill level 4 in Long Blades
  5730 | D:6      | Found Zexorot's Gadget Shop.
  6394 | D:6      | Found a stormy altar of Qazlal.
  6395 | D:6      | Found an ornate altar of the Wu Jian Council.
  6803 | D:7      | Found a bloodstained altar of Trog.
  6835 | D:7      | Reached skill level 5 in Invocations
  7217 | D:7      | Found a sparkling altar of Nemelex Xobeh.
  7390 | D:7      | Reached XP level 10. HP: 72/80 MP: 17/17
  7455 | D:7      | You fall into a shaft and drop 1 floor!
  7546 | D:8      | Noticed a kobold demonologist
  7550 | D:8      | Noticed a sun demon
  7562 | D:8      | Killed a kobold demonologist
  7562 | D:8      | Reached skill level 5 in Short Blades
  7562 | D:8      | Reached skill level 5 in Long Blades
  7562 | D:8      | Reached skill level 5 in Maces & Flails
  7562 | D:8      | Reached skill level 5 in Polearms
  7562 | D:8      | Reached skill level 5 in Staves
  7562 | D:8      | Reached skill level 5 in Slings
  7562 | D:8      | Reached skill level 5 in Bows
  7562 | D:8      | Reached skill level 5 in Crossbows
  7562 | D:8      | Reached skill level 5 in Throwing
  7562 | D:8      | Reached skill level 5 in Dodging
  7562 | D:8      | Reached skill level 5 in Stealth
  7562 | D:8      | Reached skill level 5 in Unarmed Combat
  7562 | D:8      | Reached skill level 5 in Spellcasting
  7562 | D:8      | Reached skill level 5 in Evocations
  7585 | D:8      | Found a sand-covered staircase.
  7589 | Ossuary  | Entered an ossuary
  7920 | Ossuary  | Gained mutation: Your system is resistant to poisons.
                  | (rPois) [potion of mutation]
  7920 | Ossuary  | Gained mutation: You are robust. (+10% HP) [potion of
                  | mutation]
  8245 | D:8      | Found a runed translucent gate.
  8335 | D:8      | Found a runed translucent gate.
  8335 | D:8      | Found a runed translucent gate.
  8335 | D:8      | Found an opulent altar of Gozag.
  8337 | D:8      | Noticed DungeonDestroyer's ghost (novice GnFi)
  9765 | D:10     | Entered Level 10 of the Dungeon
  9969 | D:10     | You fall into a shaft and drop 2 floors!
  9981 | D:12     | Reached XP level 11. HP: 75/95 MP: 19/19
 10433 | D:11     | Reached skill level 6 in Long Blades
 10436 | D:11     | Reached skill level 5 in Conjurations
 10436 | D:11     | Reached skill level 5 in Hexes
 10436 | D:11     | Reached skill level 5 in Charms
 10436 | D:11     | Reached skill level 5 in Summonings
 10436 | D:11     | Reached skill level 5 in Necromancy
 10436 | D:11     | Reached skill level 5 in Translocations
 10436 | D:11     | Reached skill level 5 in Transmutations
 10436 | D:11     | Reached skill level 5 in Fire Magic
 10436 | D:11     | Reached skill level 5 in Ice Magic
 10436 | D:11     | Reached skill level 5 in Air Magic
 10436 | D:11     | Reached skill level 5 in Earth Magic
 10436 | D:11     | Reached skill level 5 in Poison Magic
 10489 | D:11     | Found Seqashri's Jewellery Boutique.
 10523 | D:11     | Bought a +2 ring of strength for 97 gold pieces
 10523 | D:11     | Bought the amulet of Thoughtfulness {Reflect rC+ Str+4
                  | SH+4} for 642 gold pieces
 10553 | D:11     | Found Umuufa's Food Shoppe.
 10605 | D:11     | Bought a ration for 55 gold pieces
 10605 | D:11     | Bought a ration for 55 gold pieces
 10605 | D:11     | Bought a ration for 55 gold pieces
 10605 | D:11     | Bought a ration for 55 gold pieces
 10605 | D:11     | Bought a ration for 55 gold pieces
 10605 | D:11     | Bought a ration for 55 gold pieces
 10605 | D:11     | Bought a ration for 55 gold pieces
 10605 | D:11     | Bought a ration for 55 gold pieces
 10605 | D:11     | Bought a ration for 55 gold pieces
 10605 | D:11     | Bought a ration for 55 gold pieces
 10652 | D:11     | Found a staircase to the Orcish Mines.
 10808 | D:11     | Found Waitaun's Book Boutique.
 10841 | D:11     | Bought a book of Battle for 600 gold pieces
 10988 | D:11     | Learned a level 2 spell: Song of Slaying
 10991 | D:11     | Learned a level 2 spell: Shroud of Golubria
 10995 | D:11     | Learned a level 3 spell: Regeneration
 10999 | D:11     | Learned a level 3 spell: Spectral Weapon
 11003 | D:11     | Learned a level 3 spell: Confuse
 11011 | D:11     | Found Rukkamuc's Assorted Antiques.
 11018 | D:11     | Bought a fuming orange potion for 26 gold pieces
 11688 | D:11     | Found Lieqi's Jewellery Shop.
 12065 | D:11     | Bought a pair of embroidered boots for 217 gold pieces
 12719 | D:10     | Noticed a four-headed hydra
 12742 | D:10     | Killed a four-headed hydra
 12979 | D:10     | Found a staircase to the Lair.
 13629 | D:12     | Noticed a purple ugly thing
 13648 | D:12     | Killed a purple ugly thing
 13689 | D:12     | Noticed a two-headed ogre
 13737 | D:12     | Killed a two-headed ogre
 14106 | D:12     | Reached XP level 12. HP: 104/105 MP: 22/22
 14978 | D:11     | Bought a pair of glowing gloves for 217 gold pieces
 15224 | D:3      | Killed rumpelstilzz's ghost
 15384 | Temple   | Entered the Ecumenical Temple
 16037 | D:12     | Reached skill level 7 in Long Blades
 16193 | D:12     | Noticed a two-headed ogre
 16207 | D:12     | Killed a two-headed ogre
 16848 | D:13     | Noticed Azrael
 17045 | D:13     | Killed Azrael
 17466 | D:13     | Reached skill level 10 in Fighting
 17466 | D:13     | Reached skill level 10 in Armour
 17466 | D:13     | Reached skill level 10 in Shields
 17500 | D:13     | Noticed a two-headed ogre
 17514 | D:13     | Killed a two-headed ogre
 17872 | D:13     | Found an iron altar of Okawaru.
 17897 | D:13     | Reached XP level 13. HP: 110/113 MP: 24/24
 18022 | D:13     | Found a gate to the Vaults.
 18465 | D:14     | Reached skill level 8 in Long Blades
 19023 | D:14     | Noticed a frost giant
 19024 | D:14     | Noticed a rakshasa
 19024 | D:14     | Noticed Zianezev's ghost (journeyman FoFi)
 19031 | D:14     | Found a transporter.
 19034 | D:14     | Found a transporter.
 19166 | D:15     | Entered Level 15 of the Dungeon
 19480 | D:15     | Noticed Iloabug's ghost (journeyman TrMo)
 19485 | D:14     | Noticed a rakshasa
 19867 | D:14     | Reached XP level 14. HP: 78/122 MP: 23/26
 20358 | D:15     | Found a transporter.
 20791 | D:15     | Reached skill level 10 in Axes
 21577 | D:15     | Reached skill level 9 in Long Blades
 21988 | D:15     | Found a transporter.
 22179 | D:15     | Noticed a fire giant
 22203 | D:15     | Killed a fire giant
 22523 | D:15     | Found a staircase to the Depths.
 22778 | D:8      | Killed DungeonDestroyer's ghost
 23246 | D:11     | Bought a steaming broad axe for 261 gold pieces
 23247 | D:11     | Identified the cursed +2 broad axe "Seogoap" {freeze, MR+
                  | Int+5} (You bought it in a shop on level 11 of the Dungeon)
 23556 | D:11     | Bought a +3 ring of evasion for 231 gold pieces
 23631 | Lair:1   | Entered Level 1 of the Lair of Beasts
 23682 | Lair:1   | Reached skill level 10 in Invocations
 23969 | Lair:1   | Noticed Urug
 23989 | Lair:1   | Killed Urug
 24563 | Lair:2   | Found a sacrificial altar of Ru.
 24752 | Lair:2   | Found a hole to the Spider Nest.
 25507 | Lair:3   | Reached XP level 15. HP: 130/130 MP: 28/28
 25765 | Lair:4   | Found a staircase to the Swamp.
 25824 | Lair:4   | Learned a level 2 spell: Passwall
 25834 | Lair:4   | Learned a level 9 spell: Shatter
 25840 | Lair:4   | Learned a level 5 spell: Lee's Rapid Deconstruction
 27606 | Lair:4   | Reached skill level 10 in Short Blades
 27606 | Lair:4   | Reached skill level 10 in Long Blades
 27606 | Lair:4   | Reached skill level 10 in Maces & Flails
 27606 | Lair:4   | Reached skill level 10 in Polearms
 27606 | Lair:4   | Reached skill level 10 in Staves
 27606 | Lair:4   | Reached skill level 10 in Slings
 27606 | Lair:4   | Reached skill level 10 in Bows
 27606 | Lair:4   | Reached skill level 10 in Crossbows
 27606 | Lair:4   | Reached skill level 10 in Throwing
 27606 | Lair:4   | Reached skill level 10 in Dodging
 27606 | Lair:4   | Reached skill level 10 in Stealth
 27606 | Lair:4   | Reached skill level 10 in Unarmed Combat
 27606 | Lair:4   | Reached skill level 10 in Spellcasting
 27606 | Lair:4   | Reached skill level 10 in Evocations
 28020 | Lair:6   | Entered Level 6 of the Lair of Beasts
 28788 | Lair:6   | Found a viscous altar of Jiyva.
 28788 | Lair:6   | Found a staircase to the Slime Pits.
 28865 | Lair:6   | Reached XP level 16. HP: 58/139 MP: 19/30
 29125 | Lair:6   | Identified Kokhur's Grimoire of Aerial Displacement
 29151 | Lair:6   | Identified the +6 scimitar of the Mushroom {vamp, rElec rF+
                  | Dex+2} (You found it on level 6 of the Lair of Beasts)
 30580 | D:11     | Bought a fluorescent wand for 116 gold pieces
 30582 | D:11     | Bought a scroll of identify for 58 gold pieces
 30582 | D:11     | Bought a potion of might for 116 gold pieces
 30733 | D:15     | Gained mutation: Your magical capacity is low. (-10% MP) [a
                  | neqoxec]
 30742 | D:15     | Killed Iloabug's ghost
 30795 | D:15     | Identified the cursed +0 pair of boots "Zaogyeb" {Str-3
                  | Int+4} (You found it on level 15 of the Dungeon)
 31123 | Orc:1    | Entered Level 1 of the Orcish Mines
 31400 | Orc:1    | Noticed Nergalle
 31429 | Orc:1    | Killed Nergalle
 31445 | Orc:1    | Learned a level 1 spell: Apportation
 31665 | Orc:2    | Entered Level 2 of the Orcish Mines
 32163 | Orc:2    | Found a roughly hewn altar of Beogh.
 32321 | Orc:2    | Found a staircase to the Elven Halls.
 32447 | Orc:2    | Found Ytwoiz's Weapon Boutique.
 32447 | Orc:2    | Found Ruvecy's Weapon Shoppe.
 32457 | Orc:2    | Found Muntun's Book Emporium.
 32480 | Orc:2    | Found Qunout's Gadget Shop.
 32892 | Orc:2    | Bought a manual of Long Blades for 1214 gold pieces
 33463 | Swamp:1  | Entered Level 1 of the Swamp
 33865 | Swamp:1  | Found a frozen archway.
 33884 | Swamp:1  | Reached skill level 11 in Long Blades
 33898 | IceCv    | Entered an ice cave
 35092 | IceCv    | Identified the Grimoire of Envenoming and Good Luck
 35229 | IceCv    | Identified the cursed +0 hat of the Hanged Man {rCorr
                  | Str+4} (You found it in an ice cave)
 35565 | Swamp:1  | Reached XP level 17. HP: 148/148 MP: 28/28
 35581 | Swamp:1  | Identified the +0 cloak of Chimes {rC+ rN+ SInv} (You found
                  | it on level 1 of the Swamp)
 35999 | Swamp:1  | Reached XP level 18. HP: 148/156 MP: 29/29
 36319 | Swamp:1  | Reached skill level 12 in Long Blades
 38496 | Swamp:3  | Reached skill level 10 in Conjurations
 38496 | Swamp:3  | Reached skill level 10 in Hexes
 38496 | Swamp:3  | Reached skill level 10 in Charms
 38496 | Swamp:3  | Reached skill level 10 in Summonings
 38496 | Swamp:3  | Reached skill level 10 in Necromancy
 38496 | Swamp:3  | Reached skill level 10 in Translocations
 38496 | Swamp:3  | Reached skill level 10 in Transmutations
 38496 | Swamp:3  | Reached skill level 10 in Fire Magic
 38496 | Swamp:3  | Reached skill level 10 in Ice Magic
 38496 | Swamp:3  | Reached skill level 10 in Air Magic
 38496 | Swamp:3  | Reached skill level 10 in Earth Magic
 38496 | Swamp:3  | Reached skill level 10 in Poison Magic
 38870 | Swamp:4  | Entered Level 4 of the Swamp
 39529 | Swamp:4  | Noticed the 27-headed Lernaean hydra
 39913 | Swamp:4  | Killed the 22-headed Lernaean hydra
 39988 | Swamp:4  | Reached XP level 19. HP: 95/162 MP: 31/31
 39994 | Swamp:4  | Reached skill level 13 in Long Blades
 40118 | Swamp:4  | Got a decaying rune of Zot
 40600 | Temple   | Learned a level 2 spell: Ensorcelled Hibernation
 40607 | Temple   | Learned a level 6 spell: Deflect Missiles
 40633 | D:4      | Bought a potion of brilliance for 76 gold pieces
 40633 | D:4      | Bought a potion of curing for 57 gold pieces
 40633 | D:4      | Bought a potion of curing for 57 gold pieces
 41124 | D:14     | Killed Zianezev's ghost
 42063 | Spider:1 | Entered Level 1 of the Spider Nest
 43459 | Spider:2 | Identified the Collected Works on Creative Ignition
 45713 | Spider:3 | Identified the +9 dagger "Widowermaker" {freeze, rPois
                  | rF+++ rC+ Int-4}
 48297 | Spider:4 | Entered Level 4 of the Spider Nest
 49066 | Spider:4 | Reached skill level 14 in Long Blades
 49364 | Spider:4 | Reached XP level 20. HP: 82/173 MP: 32/32
 49629 | Spider:4 | Got a gossamer rune of Zot
 50318 | Temple   | Bought a potion of curing for 51 gold pieces
 50318 | Temple   | Bought a potion of mutation for 136 gold pieces
 50318 | Temple   | Bought a potion of curing for 51 gold pieces
 50318 | Temple   | Bought a potion of mutation for 136 gold pieces
 50318 | Temple   | Bought a potion of agility for 68 gold pieces
 50320 | Temple   | Bought a potion of curing for 114 gold pieces
 50320 | Temple   | Bought a scroll of enchant weapon for 285 gold pieces
 50323 | Temple   | Bought a bloodstained chain mail for 361 gold pieces
 50323 | Temple   | Identified the cursed +1 chain mail "Zeps" {Int+2} (You
                  | bought it in a shop in the Ecumenical Temple)
 50329 | Temple   | Bought a transparent fustibalus for 760 gold pieces
 50331 | Temple   | Identified the +9 fustibalus "Sepen" {flame, MP+9 Str+3
                  | Int+5} (You bought it in a shop in the Ecumenical Temple)
 50607 | Elf:1    | Entered Level 1 of the Elven Halls
 50947 | Elf:1    | Identified Sif Muna's Collected Works on Creation
 50991 | Elf:1    | Identified the +2 cloak of Vuigean {rCorr} (You acquired it
                  | on level 1 of the Elven Halls)
 51844 | Elf:1    | Found a runed translucent door.
 51844 | Elf:1    | Noticed Ibo Aseng's ghost (journeyman DsFi)
 52110 | Elf:1    | Identified the ring of Makhleb's Hope {Wiz rN++} (You found
                  | it on level 1 of the Elven Halls)
 52837 | Elf:1    | Cast into level 3 of the Abyss (Ibo Aseng's ghost)
 52896 | Abyss:3  | Found a transporter.
 52954 | Abyss:3  | Found a transporter.
 53058 | Abyss:3  | Found a transporter.
 53088 | Abyss:3  | Found a transporter.
 53089 | Abyss:3  | Got an abyssal rune of Zot
 53191 | Elf:1    | Escaped the Abyss
 53205 | Elf:1    | Killed Ibo Aseng's ghost
 53456 | Elf:1    | Lost mutation: Your magical capacity is low. (-10% MP)
                  | [potion of mutation]
 53456 | Elf:1    | Lost mutation: Your system is resistant to poisons. (rPois)
                  | [potion of mutation]
 53456 | Elf:1    | Lost mutation: You are robust. (+10% HP) [potion of
                  | mutation]
 53456 | Elf:1    | Gained mutation: You have a somewhat thin skeletal
                  | structure. (Dex +2, Stealth) [potion of mutation]
 53456 | Elf:1    | Gained mutation: You are resistant to hostile enchantments.
                  | (MR+) [potion of mutation]
 53456 | Elf:1    | Gained mutation: Your body sometimes deteriorates upon
                  | taking damage. [potion of mutation]
 53456 | Elf:1    | Gained mutation: You evolve. [potion of mutation]
 53457 | Elf:1    | Lost mutation: Your body sometimes deteriorates upon taking
                  | damage. [potion of mutation]
 53457 | Elf:1    | Lost mutation: You are resistant to hostile enchantments.
                  | (MR+) [potion of mutation]
 53457 | Elf:1    | Gained mutation: Your system is resistant to poisons.
                  | (rPois) [potion of mutation]
 53457 | Elf:1    | Gained mutation: You are weak. (Str -2) [potion of
                  | mutation]
 53457 | Elf:1    | Gained mutation: You have sharp fingernails. [potion of
                  | mutation]
 53705 | Elf:2    | Noticed a Brimstone Fiend
 53722 | Elf:2    | HP: 5/159 [sixfirhy[a deep elf demonologist] (10)]
 53726 | Elf:2    | Noticed a Tzitzimitl
 54098 | Elf:2    | Reached skill level 15 in Long Blades
 54277 | Elf:2    | Found a huge runed translucent gate.
 54277 | Elf:2    | Found a huge runed translucent gate.
 54277 | Elf:2    | Found a huge runed translucent gate.
 54279 | Elf:2    | Found a huge runed translucent gate.
 54280 | Elf:2    | Found a huge runed translucent gate.
 54938 | Elf:2    | Gained mutation: Your spells are a little harder to cast,
                  | but a little more powerful. [evolution]
 55128 | Elf:2    | Reached XP level 21. HP: 126/166 MP: 38/38
 56009 | Elf:3    | Entered Level 3 of the Elven Halls
 56081 | Elf:3    | Found a runed translucent gate.
 56081 | Elf:3    | Found a runed translucent gate.
 56081 | Elf:3    | Found an opulent altar of Gozag.
 56082 | Elf:3    | Found a runed translucent gate.
 56083 | Elf:3    | Found Cucum's Assorted Antiques.
 56083 | Elf:3    | Noticed soupsoups's ghost (veteran MiBe)
 57230 | Elf:3    | Identified the cursed +0 chain mail of Kleptomania {rElec
                  | rF- Regen+ Int-3}
 57233 | Elf:3    | Gained mutation: You expend magic power (3 MP) to
                  | strengthen your wands. [a neqoxec]
 57543 | Elf:3    | Killed from afar by a deep elf mage

Levels and vault maps discovered:
D:1:      evilmike_arrival_plus, layout_basic, minmay_split_cup_large
D:2:      layout_basic, makhleb_altar_promises_db, old_standard_altar,
          chequers_ecumenical_altar_twisty, minmay_box_of_dots
D:3:      layout_basic, nicolae_tso_carved_into_rock, first_ration,
          gammafunk_ghost_icy, uniq_natasha, uniq_terence, uniq_grinder
D:4:      layout_gridville, vehumet_statue, temple_pool_b
D:5:      layout_loops_corners, marbit_many_paths, gup_sewer_entry_spiral,
          uniq_sigmund, uniq_menkaure
D:6:      layout_cave_pods, gammafunk_temple_overflow_pools, serial_shops,
          nicolae_shop_window_shopping
D:7:      layout_loops_ring, trog_ov_bears_minmay,
          nemelex_xobeh_ov_fountains_minmay
D:8:      layout_basic, ebering_ghost_gozag, enter_ossuary_5
D:9:      layout_rooms
D:10:     layout_loops_ring, lair_entry_dummy, serial_co_window_serial,
          co_window_paths_a, co_window_paths_a, co_window_paths_a,
          co_window_corner_a, co_window_of_opportunity_a,
          co_window_of_opportunity_a, co_window_paths_a, co_window_2corner,
          co_window_corner_b, co_window_unsneaky_path_c, co_window_corner_b,
          co_window_broadway_b, co_window_unsneaky_path_a,
          co_window_of_opportunity_b, kennysheep_pointless_box,
          hangedman_little_slice_of_home, nicolae_underground_beach
D:11:     layout_stronghold, hiddenorc2_lemuel, serial_shops,
          kennysheep_little_box, shop, shop, shop, nicolae_shop_stone,
          nrook_loot_triangle
D:12:     layout_long_grid
D:13:     layout_roguey, david_vaults_4, lemuel_altar_in_water, uniq_azrael
D:14:     layout_basic, gammafunk_ghost_arena
D:15:     gammafunk_enter_depths_forms, layout_loops_ring, minivault_26,
          gammafunk_ghost_stat_death
Temple:   cyrus_circular_temple
Lair:1:   layout_regular_city, uniq_urug
Lair:2:   layout_gridlike, spider_nest_entry_a, basic_altar
Lair:3:   layout_concentric_octagons
Lair:4:   mu_elephants_graveyard, layout_layer_cave, skrybe_swamp_entry_bodies,
          st_stairs_12
Lair:5:   layout_gridlike
Lair:6:   hangedman_lair_in_review, layout_regular_city,
          dpeg_slime_entry_enclosed_altar, minmay_lindwurm_lava
Swamp:1:  layout_basic_swamp, portal_ice_cave_entry_ugly_swarm,
          infiniplex_staircase_pool
Swamp:2:  layout_falls_marsh, nicolae_swamp_feature_on_the_river_bank
Swamp:3:  layout_basic_swamp, nicolae_swamp_stair_fork, roderic_carrion_pond
Swamp:4:  swamp_old_school, layout_basic_swamp
Spider:1: layout_spider_delve, drop_trap
Spider:2: layout_chambers
Spider:3: layout_spider_delve, minmay_another_anthill
Spider:4: grunt_spider_rune_circles, hive_lemuel
Orc:1:    layout_caves, uniq_nergalle
Orc:2:    st_orc_rangers, layout_diamond_mine, basic_altar
Elf:1:    layout_rooms, gammafunk_ghost_grave, minmay_elf_demonology,
          nicolae_elf_big_sculpture_3, small_chamber_with_monster,
          hex_intersection, einodemon_barbed_minivault
Elf:2:    layout_onion_city
Elf:3:    minmay_elf_hall_not_hex, layout_gridlike, ebering_ghost_gozag,
          grunt_megastairs_4

Skill      XL: |  1  2  3  4  5  6  7  8  9 10 11 12 13 14 15 16 17 18 19 20 21 |
---------------+----------------------------------------------------------------+-----
Invocations    | 1 2 3 4 5 6 7 8 9 10 11 12 13 14 | 14.7
Short Blades   | 1 2 3 4 5 6 7 8 9 10 11 12 13 | 13.6
Long Blades    | 1 2 3 4 5 6 7 8 9 10 11 12 14 15 | 15.9
Maces & Flails | 1 2 3 4 5 6 7 8 9 10 11 12 13 | 13.6
Polearms       | 1 2 3 4 5 6 7 8 9 10 11 12 13 | 13.6
Staves         | 1 2 3 4 5 6 7 8 9 10 11 12 13 | 13.6
Slings         | 1 2 3 4 5 6 7 8 9 10 11 12 13 | 13.6
Bows           | 1 2 3 4 5 6 7 8 9 10 11 12 13 | 13.6
Crossbows      | 1 2 3 4 5 6 7 8 9 10 11 12 13 | 13.6
Throwing       | 1 2 3 4 5 6 7 8 9 10 11 12 13 | 13.6
Dodging        | 1 2 3 4 5 6 7 8 9 10 11 12 13 | 13.6
Stealth        | 1 2 3 4 5 6 7 8 9 10 11 12 13 | 13.6
Unarmed Combat | 1 2 3 4 5 6 7 8 9 10 11 12 13 | 13.6
Spellcasting   | 1 2 3 4 5 6 7 8 9 10 11 12 13 | 13.6
Conjurations   | 1 2 3 4 5 6 7 8 9 10 11 | 11.7
Hexes          | 1 2 3 4 5 6 7 8 9 10 11 | 11.7
Charms         | 1 2 3 4 5 6 7 8 9 10 11 | 11.7
Summonings     | 1 2 3 4 5 6 7 8 9 10 11 | 11.7
Necromancy     | 1 2 3 4 5 6 7 8 9 10 11 | 11.7
Translocations | 1 2 3 4 5 6 7 8 9 10 11 | 11.7
Transmutations | 1 2 3 4 5 6 7 8 9 10 11 | 11.7
Fire Magic     | 1 2 3 4 5 6 7 8 9 10 11 | 11.7
Ice Magic      | 1 2 3 4 5 6 7 8 9 10 11 | 11.7
Air Magic      | 1 2 3 4 5 6 7 8 9 10 11 | 11.7
Earth Magic    | 1 2 3 4 5 6 7 8 9 10 11 | 11.7
Poison Magic   | 1 2 3 4 5 6 7 8 9 10 11 | 11.7
Evocations     | 1 2 3 4 5 6 7 8 9 10 11 12 13 | 13.6
Axes           | 5 6 7 8 9 10 11 12 13 14 | 14.2
Fighting       | 7 8 9 10 11 12 13 14 | 14.8
Armour         | 7 8 9 10 11 12 13 14 | 14.8
Shields        | 7 8 9 10 11 12 13 14 | 14.8

Action                   |  1- 3 |  4- 6 |  7- 9 | 10-12 | 13-15 | 16-18 | 19-21 || total
-------------------------+-------+-------+-------+-------+-------+-------+-------++-------
Melee: War axe           |    52 |   122 |   401 |       |       |       |       ||   575
       Bite              |     4 |    13 |    68 |   204 |   285 |   288 |   323 ||  1185
       Broad axe         |       |       |    66 |   906 |  1284 |  1242 |  1628 ||  5126
       Flail             |       |       |       |   199 |       |       |       ||   199
       Scimitar          |       |       |       |       |   112 |   114 |    11 ||   237
 Fire: Fustibalus        |       |       |       |       |       |       |    25 ||    25
 Cast: Passwall          |       |       |       |       |     1 |       |       ||     1
       Song of Slaying   |       |       |       |       |       |     4 |     6 ||    10
       Shroud of Golubri |       |       |       |       |       |     1 |     2 ||     3
       Confuse           |       |       |       |       |       |       |     1 ||     1
       Regeneration      |       |       |       |       |       |       |     1 ||     1
       Spectral Weapon   |       |       |       |       |       |       |     1 ||     1
Invok: Potion Petition   |       |       |       |     3 |       |     3 |     3 ||     9
       Call Merchant     |       |       |       |       |       |       |     4 ||     4
Evoke: Wand              |       |       |       |    22 |     6 |     2 |    21 ||    51
  Use: Scroll            |     7 |     1 |     9 |     8 |     7 |    17 |    19 ||    68
       Potion            |     1 |     1 |     4 |     5 |     5 |     7 |    14 ||    37
 Stab: Distracted        |       |     1 |     1 |     2 |     8 |    15 |    21 ||    48
       Petrified         |       |       |       |       |       |     4 |       ||     4
       Confused          |       |       |       |       |       |     8 |       ||     8
       Held in net/web   |       |       |       |       |       |       |     4 ||     4
       Invisible         |       |       |       |       |       |       |    11 ||    11
       Sleeping          |       |       |       |       |       |       |     4 ||     4
  Eat: Chunk             |       |     2 |       |       |       |       |       ||     2
       Ration            |       |       |     6 |    11 |    13 |    11 |    15 ||    56
Armor: Scale mail        |    23 |    28 |    62 |       |       |       |       ||   113
       Chain mail        |       |       |   102 |       |       |       |       ||   102
       Plate armour      |       |       |    48 |   682 |   590 |   516 |   719 ||  2555
Dodge: Dodged            |    16 |    23 |   135 |   350 |   666 |   801 |  1052 ||  3043
Block: Shield            |    35 |    70 |   384 |  1196 |  1454 |  1523 |  2098 ||  6760
       Reflection        |     4 |     1 |    14 |     7 |     9 |    83 |    88 ||   206
       Other             |       |       |       |       |       |       |     1 ||     1
       Rpst.: Scimitar   |       |       |       |       |     8 |    13 |     3 ||    24
